 Dungeon Crawl Stone Soup version 0.19-a0-706-g03de5d9 (webtiles) character file.

9 Gorice the Skirmisher (level 2, -3/27 HPs)
             Began as a Hill Orc Abyssal Knight on June 19, 2016.
             Was a Follower of Lugonu.
             Slain by a gnoll
             ... wielding a +0 halberd
              (16 damage)
             ... on level 2 of the Dungeon.
             The game lasted 00:01:09 (159 turns).

Gorice the Skirmisher (Hill Orc Abyssal Knight)      Turns: 159, Time: 00:01:11

Health: -3/27      AC:  3    Str: 14    XL:     2   Next: 12%
Magic:  3/3        EV: 11    Int: 12    God:    Lugonu [*.....]
Gold:   0          SH:  0    Dex: 10    Spells: 0 memorised, 1 level left

rFire  . . .     SeeInvis +     a - +1 hand axe
rCold  . . .     Gourm    .     b - +0 leather armour
rNeg   . . .     Faith    .     (no shield)
rPois  .         Spirit   .     (no helmet)
rElec  .         Dismiss  .     (no cloak)
rCorr  .         Reflect  .     (no gloves)
SustAt .         Harm     .     (no boots)
MR     .....                    (no amulet)
Stlth  +.........               (no ring)
                                g - ring of see invisible

@: drained, not resistant to hostile enchantments, very unstealthy
A: no striking features
a: Depart the Abyss, Renounce Religion


You were on level 2 of the Dungeon.
You worshipped Lugonu.
Lugonu was aware of your devotion.
You were not hungry.

You visited 1 branch of the dungeon, and saw 2 of its levels.
You visited the Abyss 1 time.

Inventory:

Hand Weapons
 a - a +1 hand axe (weapon)
Missiles
 e - 18 bolts
Armour
 b - a +0 leather armour (worn)
Jewellery
 g - a ring of see invisible (left hand)
Potions
 h - a potion of curing {unknown}
Comestibles
 c - a bread ration {!e}
 d - 5 chunks of flesh
 f - 5 fruits


   Skills:
 + Level 3.9(3.4) Fighting
 * Level 3.3(2.8) Axes
 - Level 2.1(1.7) Armour
 - Level 0.7(0.2) Dodging
 - Level 2.4(1.9) Invocations


You had one spell level left.
You didn't know any spells.

Dungeon Overview and Level Annotations

Branches:
Dungeon (2/15)

Altars:


Message History

The jackal barely misses you.
You hit the jackal.
The jackal is almost dead.
The jackal misses you. The jackal bites you.
Damage: 2 (max 3)
You slash the jackal!
You kill the jackal!
Lugonu accepts your kill.
No target in view!
No target in view!
You see here a jackal corpse.
You butcher the jackal corpse.
d - 5 chunks of flesh (gained 3)
g - a runed glass ring Put on which piece of jewellery? (? for menu, Esc to quit)
g - a ring of see invisible (left hand)
You open the door.
There is an open door here.
Found 5 arrows.
h - a blue potion A kobold comes into view.
It is wielding a dagger of draining.
The kobold shouts!
Firing (i - inventory): No suitable missiles.
Press: ? - help, Shift-Dir - straight line, f - kobold
Aim: a kobold, wielding a dagger of draining
Okay, then.
A gnoll comes into view. It is wielding a halberd.
A kobold comes into view. It is wielding a whip.
The gnoll shouts!
The kobold shouts!
The kobold hits you with a dagger of draining.
You feel drained.
The gnoll moves out of view.
Damage: 3 (max 3)
A gnoll comes into view. It is wielding a spear.
The kobold misses you.
You closely miss the kobold. The kobold hits you with a whip.
Damage: 4 (max 4)
You hit the kobold.
You kill the kobold!
Lugonu accepts your kill.
You miss the kobold. The kobold closely misses you.
The gnoll hits you from afar with a halberd.
Damage: 1 (max 4)
You hit the kobold.
The kobold is moderately wounded.
The kobold hits you with a dagger of draining.
You feel drained.
* * * LOW HITPOINT WARNING * * *
The gnoll hits you from afar with a halberd!
Ouch! That really hurt!
You die...

#......##...
...
#......##.###
###
#...........
#........#.#
#......#....
#....######.
#.###.... .
#.###?##.
#.@Kg..#
#####..(.#
##.....#
.........
..g......
#.#.###.## #.
.g ... .. .#.
..


You could see a gnoll and a kobold.

Vanquished Creatures
  A bat (D:1)
  A giant cockroach (D:1)
  A hobgoblin (D:1)
  3 jackals (D:2)
  A kobold (D:2)
7 creatures vanquished.

Notes
Turn   | Place    | Note
--------------------------------------------------------------
     0 | Abyss:1  | Gorice the Hill Orc Abyssal Knight began the quest for the Orb.
     0 | Abyss:1  | Reached XP level 1. HP: 19/19 MP: 2/2
    19 | Abyss:1  | Found a corrupted altar of Lugonu.
    30 | D:1      | Escaped the Abyss
    68 | D:1      | Reached skill level 3 in Axes
   107 | D:2      | Reached XP level 2. HP: 23/27 MP: 3/3
   159 | D:2      | Slain by a gnoll

Vault maps used:
D:1:      saegor_arrival_under_anarchy
D:2:      wad_woods_tower

Skill      XL: |  1 |
---------------+----+-----
Axes           | 3 |  3.3
Fighting       | |  3.9
Armour         | |  2.1
Dodging        | |  0.7
Invocations    | |  2.4

Action                   || total
-------------------------++-------
Melee: Hand axe          ||    30
Armor: Leather armour    ||     9
Dodge: Dodged            ||    28

Table legend:
 A = Turns spent in this place as a percentage of turns spent in the entire game.
 B = Non-inter-level travel turns spent in this place as a percentage of non-inter-level travel turns spent in the entire game.
 C = Inter-level travel turns spent in this place as a percentage of turns spent in this place.
 D = Turns resting spent in this place as a percentage of non-inter-level travel turns spent in this place.
 E = Turns spent auto-exploring this place as a percentage of non-inter-level travel turns spent in this place.
 F = Non-inter-level travel turns spent in this place divided by the number of levels of this place that you've seen.
                   A       B       C       D       E      F
               +-------+-------+-------+-------+-------+----------------------
         Total | 100.0 | 100.0 |   0.0 |   0.0 |   2.1 |  47.0
       Dungeon |  78.0 |  78.0 |   0.0 |   0.0 |   2.7 |  55.0
         Abyss |  22.0 |  22.0 |   0.0 |   0.0 |   0.0 |  31.0
               +-------+-------+-------+-------+-------+----------------------

Vault maps used:
D:1:      saegor_arrival_under_anarchy
D:2:      wad_woods_tower
